 Dungeon Crawl Stone Soup version 0.27-a0-679-g77a6b55cf3 (webtiles) character file.

Game seed: 1834567863411667260

113 kenlaan the Shield-Bearer (level 4, 0/29 HPs)
             Began as a Gargoyle Fighter on Mar 18, 2021.
             Slain by a gnoll
             ... wielding a +1 vorpal spear
              (4 damage)
             ... on level 2 of the Dungeon.
             The game lasted 00:02:55 (1850 turns).

kenlaan the Shield-Bearer (Gargoyle Fighter)        Turns: 1850, Time: 00:02:55

Health: 0/29       AC: 10    Str: 21    XL:     4   Next: 96%
Magic:  4/4        EV:  8    Int:  8    God:
Gold:   66         SH:  9    Dex:  9    Spells: 3/3 levels left

rFire    . . .     SeeInvis .   a - +0 flail
rCold    . . .     Faith    .   c - +0 kite shield
rNeg     + . .     Spirit   .   b - +0 scale mail
rPois    ∞         Reflect  .   (no helmet)
rElec    +         Harm     .   (no cloak)
rCorr    .         Rampage  .   (no gloves)
Will     .....                  (no boots)
Stlth    ..........             (no amulet)
HPRegen  0.09/turn              (no ring)
MPRegen  0.09/turn              (no ring)

@: mighty
A: AC +3, negative energy resistance 1, electricity resistance, torment
resistance 1, unbreathing 1, petrification resistance
a: no special abilities


You were on level 2 of the Dungeon.
You visited 1 branch of the dungeon, and saw 2 of its levels.

You collected 66 gold pieces.

Inventory:

Hand Weapons
 a - a +0 flail (weapon)
Armour
 b - a +0 scale mail (worn)
 c - a +0 kite shield (worn)
Scrolls
 e - a scroll of silence {unknown}
 f - a scroll of teleportation {unknown}
Potions
 g - a potion of curing {unknown}
 h - a potion of heal wounds


   Skills:
 + Level 4.0 Fighting
 + Level 2.8 Maces & Flails
 + Level 3.7 Armour
 + Level 1.2 Dodging
 + Level 4.2 Shields


You had 3 spell levels left.
You didn't know any spells.
Your spell library was empty.

Dungeon Overview and Level Annotations

Branches:
Dungeon (2/15)

Altars:


Innate Abilities, Weirdness & Mutations

Your stone body is resilient. (AC +3)
You are immune to poison.
You resist negative energy. (rN+)
You are resistant to electric shocks. (rElec)
You are resistant to unholy torment.
You can survive without breathing.
You are immune to petrification.


Message History

You thump the gnoll shaman!
The gnoll shaman is heavily wounded.
You block the gnoll shaman's attack.
The gnoll shaman utters an invocation to its god.
The gnoll shaman is healed somewhat.
You hit the gnoll shaman but do no damage.
The gnoll shaman is moderately wounded.
You block the gnoll shaman's attack.
You hit the gnoll shaman.
The gnoll shaman is heavily wounded.
The gnoll shaman hits you with a +1 whip of venom. x2
* * * LOW HITPOINT WARNING * * *
It was a potion of heal wounds.
You feel much better.
The gnoll shaman hits you with a +1 whip of venom.
You feel very mighty all of a sudden. You block the gnoll shaman's attack.
You closely miss the gnoll shaman.
The gnoll shaman is heavily wounded.
You block the gnoll shaman's attack.
You sock the gnoll shaman!
You kill the gnoll shaman!
You block the bat's attack. The bat closely misses you.
The gnoll hits you from afar with a +0 spear.
Your Dodging skill increases to level 1!
You sock the bat!
You kill the bat!
You block the gnoll's attack.
The gnoll hits you but does no damage. x3
Items here: ) [ ††.
You thump the gnoll!
The gnoll is almost dead.
The gnoll barely misses you. You block the gnoll's attack.
The gnoll barely misses you. The gnoll hits you with a +0 spear.
* * * LOW HITPOINT WARNING * * *
The gnoll hits you but does no damage.
You hit the gnoll.
You kill the gnoll!
You block the gnoll's attack.
The gnoll hits you from afar with a +1 vorpal spear.
You die...

##............
##..#..##.....
##...........
....)....###
..(........#
.........#.##### #
##.#...........# #.#.#
...........###)###g....#
#.##..#..#......@)g..#
.)....#..#...#.#######
#.##.>.......#.# #.
#.###.......# #.
###.##### ..# ##


You could see 2 gnolls.

Vanquished Creatures
  Jessica (D:2)
  A gnoll shaman (D:2)
  2 gnolls (D:2)
  A white imp (D:2)
  An ooze (D:1)
  A worm (D:2)
  3 dart slugs
  A leopard gecko (D:1)
  5 bats
  4 hobgoblins
  A quokka (D:1)
  4 frilled lizards
  4 goblins
  6 kobolds
  2 rats
37 creatures vanquished.

Notes
Turn   | Place    | Note
-------+----------+-------------------------------------------
     0 | D:1      | kenlaan the Gargoyle Fighter began the quest for the Orb.
     0 | D:1      | Reached XP level 1. HP: 14/14 MP: 1/1
   313 | D:1      | Reached XP level 2. HP: 11/19 MP: 2/2
   894 | D:1      | Reached XP level 3. HP: 24/24 MP: 3/3
  1361 | D:2      | Noticed Jessica
  1364 | D:2      | Killed Jessica
  1365 | D:2      | Reached XP level 4. HP: 29/29 MP: 4/4
  1847 | D:2      | Reached skill level 1 in Dodging
  1850 | D:2      | Slain by a gnoll

Illustrated notes

Levels and vault maps discovered:
D:1:      dpeg_arrival_court, layout_basic
D:2:      layout_loops_cross, minmay_bisected, uniq_jessica

Skill      XL: |  1  2  3  4 |
---------------+-------------+-----
Shields        | 4 |  4.2
Fighting       | 4 |  4.0
Dodging        | 1 |  1.2
Maces & Flails | |  2.8
Armour         | |  3.7

Action                   |  1- 3 |  4- 6 || total
-------------------------+-------+-------++-------
Melee: Flail             |   104 |    47 ||   151
  Use: Potion            |       |     2 ||     2
Armor: Scale mail        |    72 |    20 ||    92
Dodge: Dodged            |    43 |    28 ||    71
Block: Kite shield       |    55 |    25 ||    80

Table legend: (Time is in decaauts)
 A = Elapsed time spent in this place.
 B = Non-inter-level travel time spent in this place.
 C = Inter-level travel time spent in this place.
 D = Time resting spent in this place.
 E = Time spent auto-exploring this place.
 F = Levels seen in this place.
 G = Mean time per level.
                   A        B        C        D        E       F      G
               +--------+--------+--------+--------+--------+-----+--------+
         Total |   1928 |   1859 |     69 |    642 |    814 |   2 |  964.0 |
       Dungeon |   1928 |   1859 |     69 |    642 |    814 |   2 |  964.0 |
               +--------+--------+--------+--------+--------+-----+--------+

Top non-repeatable levels by time:
     D:1: 1398 daAuts
     D:2: 530 daAuts
